[Event "Titled Tuesday Blitz August 24 2021"]
[White "Zhigalko, Sergei"]
[Black "Molina, Roberto Junio Brito"]
[WhiteFideId "13502956"]
[BlackFideId "2109450"]
[WhiteElo "2662"]
[BlackElo "2402"]
[Result "1-0"]
[Round "07"]
[TimeControl "180+1"]
[Date "2021.08.24"]
[WhiteClock "0:00:05"]
[BlackClock "0:00:03"]

1. e4 c6 2. d4 d5 3. e5 Bf5 4. Nf3 e6 5. Be2 Nd7 6. O-O h6 7. Nbd2 Ne7 8. a4 Bh7 9. a5 Ng6 10. Nb3 a6 11. c4 dxc4 12. Bxc4 Be7 13. Re1 O-O 14. Qe2 Re8 15. Bd2 Rc8 16. Rad1 Rc7 17. g3 Bf8 18. h4 Ne7 19. Bb4 Nd5 20. Bxf8 Nxf8 21. Nfd2 Bc2 22. Rc1 Bxb3 23. Nxb3 Ng6 24. Bd3 Nf8 25. Bb1 Rce7 26. Qe4 f6 27. exf6 Nxf6 28. Qe5 Rd7 29. Ba2 Rd5 30. Qe2 Kh8 31. Rcd1 Rf5 32. Qd2 Rb5 33. Re2 Qc7 34. Rde1 Rd8 35. Qc1 Nd5 36. Re5 Nb4 37. Bb1 Rxe5 38. dxe5 Nd5 39. Nc5 Re8 40. Qd2 Re7 41. b4 Kg8 42. Re4 Qd8 43. Qd3 Qe8 44. Rg4 Qh5 45. Qf3 Qxe5 46. Re4 Qa1 47. Re1 Qf6 48. Qe4 g6 49. Qc4 Kg7 50. Ne4 Qe5 51. Qc5 Rf7 52. f4 Qf5 53. Nd6 Qh3 54. Qd4+ e5 55. Qxe5+ Kg8 56. Kf2 Rg7 57. Ne4 Nd7 58. Qd4 Kh7 59. Ba2 Rf7 60. Bxd5 cxd5 61. Qxd5 Qf5 62. Qxf5 Rxf5 63. Nd6 Rd5 64. Re7+ Kg8 65. Rxd7 Rd2+ 66. Ke3 Rb2 67. Rxb7 1-0


[Site "https://www.chess.com"]

[Event "Titled Tuesday Blitz August 24 2021"]
[White "Zubov, Alexander"]
[Black "Trent, Lawrence"]
[WhiteFideId "14109409"]
[BlackFideId "408638"]
[WhiteElo "2740"]
[BlackElo "2474"]
[Result "1-0"]
[Round "07"]
[TimeControl "180+1"]
[Date "2021.08.24"]
[WhiteClock "0:00:09"]
[BlackClock "0:00:18"]

1. e4 c5 2. Nf3 Nc6 3. Bb5 e5 4. O-O Bd6 5. d3 Nge7 6. a4 O-O 7. Bc4 Bc7 8. Nc3 d6 9. h3 Be6 10. Ng5 Qd7 11. Qh5 h6 12. Nxe6 fxe6 13. Be3 Rf6 14. Qg4 Rd8 15. h4 Kh8 16. Bb3 Nd4 17. Bxd4 cxd4 18. Ne2 Rdf8 19. h5 Ba5 20. c3 dxc3 21. bxc3 Bb6 22. d4 exd4 23. cxd4 Nc6 24. Rad1 Qe7 25. Kh1 Rxf2 26. Rxf2 Rxf2 27. Nf4 Qg5 28. Qxe6 Ne7 29. Qxe7 Qxf4 30. Qe8+ Qf8 31. Qxf8+ Rxf8 32. Bd5 Rb8 33. g4 Bd8 34. e5 dxe5 35. dxe5 Be7 36. Rc1 Bd8 37. Bf7 a6 38. e6 b5 39. axb5 axb5 40. Rd1 Bf6 41. Rd7 b4 42. e7 Bxe7 43. Rxe7 b3 44. Bg6 b2 45. Bb1 Rd8 46. Kg2 Ra8 47. Rb7 Rc8 48. Rxb2 Rf8 49. Kg3 Rc8 50. Rf2 Rd8 51. Bf5 Rc8 52. Kh4 Rb8 53. Re2 Ra8 54. Re7 Rb8 55. Rc7 Ra8 56. Rc8+ Rxc8 57. Bxc8 Kg8 58. Bf5 Kh8 59. Kg3 Kg8 60. Kf4 Kh8 61. Ke5 Kg8 62. Ke6 Kh8 63. Kf7 g5 64. hxg6 h5 65. g7# 1-0


[Site "https://www.chess.com"]

[Event "Titled Tuesday Blitz August 24 2021"]
[White "sganerdene"]
[Black "Tikhonov, Viacheslav"]
[BlackFideId "44196407"]
[WhiteElo "2659"]
[BlackElo "1773"]
[Result "1/2-1/2"]
[Round "07"]
[TimeControl "180+1"]
[Date "2021.08.24"]
[WhiteClock "0:00:39"]
[BlackClock "0:01:29"]

1. e4 e6 2. d4 d5 3. Nc3 Nf6 4. Bg5 Bb4 5. e5 h6 6. Bd2 Bxc3 7. bxc3 Ne4 8. Bd3 Nxd2 9. Qxd2 c5 10. Nf3 c4 11. Be2 Qe7 12. h4 Qa3 13. O-O Nd7 14. Rfe1 Nb6 15. Bf1 Na4 16. Re3 Qb2 17. Rae1 Qxa2 18. Nh2 Qa3 19. f4 Qe7 20. g3 g6 21. Ng4 h5 22. Nf6+ Kf8 23. f5 gxf5 24. Rf3 Nb6 25. Qg5 Nd7 26. Bh3 a5 27. Ref1 a4 28. Bxf5 exf5 29. Rxf5 a3 30. Qf4 Nxf6 31. exf6 Qe4 32. Qd6+ Kg8 33. Rg5+ Kh7 34. Rxh5+ Kg6 35. Rxh8 Qe3+ 36. Kh1 Qe4+ 37. Kg1 Qe3+ 38. Kg2 Qe4+ 39. Kg1 1/2-1/2


[Site "https://www.chess.com"]

[Event "Titled Tuesday Blitz August 24 2021"]
[White "Aghasiyev, Kamal"]
[Black "Skliarov, Viktor"]
[WhiteFideId "13402854"]
[BlackFideId "14106736"]
[WhiteElo "2210"]
[BlackElo "2281"]
[Result "0-1"]
[Round "08"]
[TimeControl "180+1"]
[Date "2021.08.24"]
[WhiteClock "0:00:03"]
[BlackClock "0:00:23"]

1. d4 Nf6 2. c4 e6 3. Nf3 b6 4. g3 Bb7 5. Bg2 Be7 6. O-O O-O 7. Nc3 Ne4 8. Bd2 Bf6 9. Be1 d6 10. Qc2 Nxc3 11. Bxc3 g6 12. e4 Nd7 13. e5 dxe5 14. dxe5 Bg7 15. Rad1 Qe7 16. Qa4 Nc5 17. Qa3 a5 18. Nd2 Bxg2 19. Kxg2 Qd7 20. Nf3 Qc6 21. Bd4 g5 22. h3 h5 23. Kg1 g4 24. hxg4 hxg4 25. Nh2 Qe4 26. Qe3 Qxe3 27. fxe3 Ne4 28. Nxg4 Nxg3 29. Rfe1 Rfd8 30. Kf2 Nf5 31. Bc3 Nh6 32. Nf6+ Bxf6 33. exf6 Kh7 0-1


[Site "https://www.chess.com"]

[Event "Titled Tuesday Blitz August 24 2021"]
[White "Aldokhin, Ivan"]
[Black "Eswaran, Ashritha"]
[WhiteFideId "24115720"]
[BlackFideId "2080788"]
[WhiteElo "2306"]
[BlackElo "2447"]
[Result "0-1"]
[Round "08"]
[TimeControl "180+1"]
[Date "2021.08.24"]
[WhiteClock "0:00:03"]
[BlackClock "0:00:12"]

1. e4 c5 2. Nf3 d6 3. d4 cxd4 4. Nxd4 Nf6 5. Nc3 g6 6. Bc4 Bg7 7. Bb3 Nc6 8. Be3 O-O 9. h3 Bd7 10. O-O Rc8 11. f4 Na5 12. e5 Ne8 13. e6 Nxb3 14. exd7 Qxd7 15. axb3 a6 16. Nd5 Qd8 17. Nf3 e6 18. Nb6 Rc6 19. Nc4 d5 20. Na5 Rc8 21. Nxb7 Qc7 22. Nc5 Bxb2 23. Ra2 Bg7 24. Nxa6 Qb7 25. Nc5 Qb5 26. Nd3 Nd6 27. Kh2 Ne4 28. Qe1 Nc3 29. Ra7 Qb8 30. Ra1 Ne4 31. Nde5 Rxc2 32. Nd7 Qxb3 33. Rb1 Qa2 34. Rg1 Rd8 35. Nde5 Re2 36. Qc1 Rc2 37. Qf1 Nc3 38. Rb7 Ne2 39. Rxf7 Nxg1 40. Bxg1 Rb8 41. Bd4 Rb1 42. Rxg7+ Kxg7 43. Nd7+ Kf7 44. Ne1 Rxe1 45. Ne5+ Ke8 46. Qf3 Rxg2+ 47. Qxg2 Re2 48. Qxe2 Qxe2+ 49. Kg3 Qe4 50. Nf3 e5 51. Bxe5 d4 52. Bxd4 Kf8 53. h4 Qe2 54. Be5 Qf1 55. Ng5 Qg1+ 56. Kf3 Qh1+ 57. Kg3 h6 58. Nf3 Kf7 59. Nd4 Qg1+ 60. Kf3 Qf1+ 61. Kg3 Qe1+ 62. Kf3 Qxh4 63. Ke4 g5 64. Nf5 Qh1+ 65. Ke3 g4 66. Nd6+ Ke6 67. Kd4 Qd5+ 68. Ke3 Qf3+ 69. Kd4 g3 70. f5+ Kd7 71. f6 g2 72. f7 g1=Q+ 0-1


[Site "https://www.chess.com"]

[Event "Titled Tuesday Blitz August 24 2021"]
[White "Amgalantengis, Enkh-Amgalan"]
[Black "Kowalczyk, Pawel"]
[WhiteFideId "4903536"]
[BlackFideId "1130641"]
[WhiteElo "1716"]
[BlackElo "2325"]
[Result "0-1"]
[Round "08"]
[TimeControl "180+1"]
[Date "2021.08.24"]
[WhiteClock "0:01:20"]
[BlackClock "0:02:09"]

1. Nf3 a6 2. g3 b5 3. Bg2 Bb7 4. O-O g6 5. a4 b4 6. c3 a5 7. d4 Bg7 8. Bf4 Nf6 9. Nbd2 Nd5 10. Be5 f6 11. e4 Nxc3 12. bxc3 fxe5 13. Nxe5 bxc3 14. Qb3 Bxe5 15. Qxb7 Nc6 16. dxe5 cxd2 17. Rad1 Rb8 18. Qa6 Rb2 19. e6 O-O 20. Qc4 Rb4 21. Qa2 d6 22. Rxd2 Ne5 23. f4 Nc4 24. Rd4 Ne3 25. Rxb4 axb4 26. Ra1 c6 27. a5 Qc7 28. a6 Ra8 29. a7 Qb6 30. Kh1 b3 31. Qa3 b2 32. Rb1 Rxa7 33. Qd3 Ra1 34. Bf3 Rxb1+ 35. Qxb1 Qb4 36. e5 d5 37. f5 Qd2 38. fxg6 Qc1+ 0-1


[Site "https://www.chess.com"]

[Event "Titled Tuesday Blitz August 24 2021"]
[White "Andreikin, Dmitry"]
[Black "Svane, Rasmus"]
[WhiteFideId "4158814"]
[BlackFideId "4657101"]
[WhiteElo "2782"]
[BlackElo "2669"]
[Result "1-0"]
[Round "08"]
[TimeControl "180+1"]
[Date "2021.08.24"]
[WhiteClock "0:00:10"]
[BlackClock "0:00:16"]

1. d4 Nf6 2. c4 e6 3. Nf3 d5 4. Nc3 Be7 5. Bf4 O-O 6. e3 Nbd7 7. c5 Nh5 8. Be2 Nxf4 9. exf4 b6 10. b4 a5 11. a3 c6 12. O-O Ba6 13. g3 Bf6 14. Ne5 Bxe5 15. fxe5 Bxe2 16. Qxe2 axb4 17. axb4 Rxa1 18. Rxa1 bxc5 19. bxc5 f6 20. f4 fxe5 21. fxe5 Qg5 22. Kg2 Rb8 23. h4 Qd8 24. Qg4 Nf8 25. Ra7 g6 26. Qf4 Nd7 27. h5 Ra8 28. Rxa8 Qxa8 29. Qg5 Qe8 30. Ne2 Nf8 31. Nf4 Qf7 32. h6 Qf5 33. Qe7 Qf7 34. Qd8 Qf5 35. Qc7 Qe4+ 36. Kh2 Qc2+ 37. Ng2 1-0


[Site "https://www.chess.com"]

[Event "Titled Tuesday Blitz August 24 2021"]
[White "Aradhya, Garg"]
[Black "Damjanovic, Vladimir"]
[WhiteFideId "25006746"]
[BlackFideId "903795"]
[WhiteElo "2146"]
[BlackElo "2374"]
[Result "1/2-1/2"]
[Round "08"]
[TimeControl "180+1"]
[Date "2021.08.24"]
[WhiteClock "0:00:07"]
[BlackClock "0:00:05"]

1. d4 Nf6 2. c4 c6 3. Nc3 d5 4. e3 e6 5. Nf3 Nbd7 6. Be2 Bd6 7. O-O O-O 8. a4 a5 9. Qc2 dxc4 10. Nd2 Nb6 11. Nxc4 Nxc4 12. Bxc4 Qe7 13. Bd2 e5 14. h3 Bc7 15. d5 e4 16. dxc6 Qe5 17. g3 bxc6 18. h4 h6 19. Ne2 Bh3 20. Rfc1 Qf5 21. Nd4 Qh5 22. Bf1 Bxf1 23. Kxf1 Be5 24. Nxc6 Kh8 25. Qd1 Qf5 26. Nxe5 Qxe5 27. Bc3 Qf5 28. Kg2 Ng4 29. Qe2 f6 30. Bd4 Rab8 31. Rc5 Ne5 32. Rd1 Rfc8 33. Rxa5 Qg4 34. Qxg4 Nxg4 35. Bc3 h5 36. Rxh5+ Kg8 37. Rf5 Rxc3 38. bxc3 Rb2 39. Kg1 Ra2 40. Rf4 Ne5 41. Rxe4 Kf7 42. Rd5 Ke6 43. Rdxe5+ fxe5 44. Kg2 Kf5 45. Rb4 e4 46. Rb5+ Kf6 47. g4 Rxa4 48. Rb4 Ra3 49. Rxe4 Rxc3 50. g5+ Kg6 51. Kg3 Kh5 52. Re7 Rb3 53. f3 Kg6 54. Kg4 Rb4+ 55. f4 Rb1 56. h5+ Kh7 57. h6 Kh8 58. hxg7+ Kg8 59. Re8+ Kxg7 60. f5 Kf7 61. Re4 Rh1 62. Kf4 Rg1 63. g6+ Kf6 64. Re6+ Kg7 65. Re7+ Kg8 66. Ke5 Rb1 67. Kf6 Rb6+ 68. Re6 Rb8 69. e4 Rf8+ 70. Kg5 Ra8 71. f6 Rb8 72. Re8+ Rxe8 73. f7+ Kg7 74. fxe8=Q 1/2-1/2


[Site "https://www.chess.com"]

[Event "Titled Tuesday Blitz August 24 2021"]
[White "Bai, Adelard"]
[Black "Helin, Mikael"]
[WhiteFideId "16301188"]
[BlackFideId "1703838"]
[WhiteElo "2120"]
[BlackElo "1893"]
[Result "0-1"]
[Round "08"]
[TimeControl "180+1"]
[Date "2021.08.24"]
[WhiteClock "0:00:01"]
[BlackClock "0:00:28"]

1. d4 d5 2. Nf3 Nc6 3. c4 Bg4 4. cxd5 Bxf3 5. gxf3 Qxd5 6. e3 e5 7. Nc3 Bb4 8. a3 Bxc3+ 9. bxc3 Qd6 10. Rg1 g6 11. a4 exd4 12. cxd4 O-O-O 13. Rb1 Re8 14. e4 Nxd4 15. Be3 Rd8 16. f4 Qc5 17. Bh3+ f5 18. Kf1 Qc4+ 19. Kg2 Nh6 20. Rc1 Qe6 21. e5 Qd5+ 22. f3 Ng4 23. Re1 Nxe3+ 24. Rxe3 Qa2+ 25. Kg3 h5 26. Qd2 0-1


[Site "https://www.chess.com"]

[Event "Titled Tuesday Blitz August 24 2021"]
[White "Bok, Benjamin"]
[Black "Drozdowski, Kacper"]
[WhiteFideId "1017063"]
[BlackFideId "1136720"]
[WhiteElo "2658"]
[BlackElo "2507"]
[Result "1-0"]
[Round "08"]
[TimeControl "180+1"]
[Date "2021.08.24"]
[WhiteClock "0:01:38"]
[BlackClock "0:01:38"]

1. d4 Nf6 2. c4 g6 3. Nf3 Bg7 4. g3 O-O 5. Bg2 d5 6. O-O c6 7. b3 a5 8. Nc3 Be6 9. Bb2 Nbd7 10. Ng5 Bf5 11. cxd5 cxd5 12. Nxd5 Rc8 13. Ne3 b5 14. Nxf5 gxf5 15. Qd3 e6 16. Qxb5 Rc2 17. Ba3 Re8 18. Rfc1 Rd2 19. Nf3 Ne4 20. Nxd2 Nxd2 21. Bc6 Bxd4 22. Bxd7 Ne4 23. Bxe8 Bxf2+ 24. Kg2 Qg5 25. Qd7 1-0


[Site "https://www.chess.com"]

[Event "Titled Tuesday Blitz August 24 2021"]
[White "Borsuk, Konstantin"]
[Black "Vakhidov, Shahzod"]
[WhiteFideId "14113406"]
[BlackFideId "14205270"]
[WhiteElo "2382"]
[BlackElo "1988"]
[Result "1-0"]
[Round "08"]
[TimeControl "180+1"]
[Date "2021.08.24"]
[WhiteClock "0:00:37"]
[BlackClock "0:00:42"]

1. d4 g6 2. c4 Bg7 3. Nc3 d6 4. e4 e5 5. d5 a5 6. Be3 Bh6 7. Bxh6 Nxh6 8. h4 Na6 9. h5 Kf8 10. Qd2 Kg7 11. f3 Nc5 12. g4 f5 13. exf5 gxf5 14. g5 Nf7 15. h6+ Kf8 16. f4 exf4 17. Nf3 Nxg5 18. Nxg5 Qxg5 19. O-O-O Ne4 20. Qd4 f3+ 21. Kb1 Qf6 22. Nxe4 Qxd4 23. Rxd4 fxe4 24. Kc1 Bf5 25. Kd2 Rg8 26. Ke3 Ke7 27. Bh3 Bg6 28. Kf2 Kf6 29. Rdd1 Ke5 30. Ke3 Rgf8 31. Rdg1 Kf6 32. Be6 a4 33. a3 Rfb8 34. Rh4 Rf8 35. Kf2 Ke7 36. Rhg4 Rh8 37. Rc1 c5 38. Rcg1 Kf6 39. Rf4+ Ke5 40. Ke3 1-0


[Site "https://www.chess.com"]

[Event "Titled Tuesday Blitz August 24 2021"]
[White "Cunjalo, Faris"]
[Black "Arabidze, Meri"]
[WhiteFideId "14410710"]
[BlackFideId "13604040"]
[WhiteElo "2234"]
[BlackElo "2432"]
[Result "1-0"]
[Round "08"]
[TimeControl "180+1"]
[Date "2021.08.24"]
[WhiteClock "0:00:11"]
[BlackClock "0:00:03"]

1. c4 e6 2. Nc3 d5 3. e3 Nf6 4. Nf3 c5 5. cxd5 exd5 6. d4 Nc6 7. Bb5 Bd6 8. dxc5 Bxc5 9. O-O O-O 10. b3 a6 11. Bxc6 bxc6 12. Bb2 Bd6 13. Rc1 Bg4 14. Ne2 Rc8 15. Qd3 Bxf3 16. gxf3 c5 17. Rfd1 Qe7 18. Bxf6 Qxf6 19. Qxd5 Rfd8 20. Qe4 h5 21. f4 h4 22. h3 Bf8 23. Kf1 Qb2 24. Rxd8 Rxd8 25. Qc2 Rd2 26. Qxb2 Rxb2 27. Nc3 g6 28. Kg2 f5 29. Kf3 Kf7 30. Rd1 Rc2 31. Rd3 Be7 32. a4 Ke6 33. Nd5 c4 34. Nc7+ Kf7 35. bxc4 Rxc4 36. Nxa6 Rxa4 37. Nc7 Ra2 38. Rd7 Ra7 39. Ke2 Rb7 40. Kd3 Ra7 41. Kc4 Rb7 42. f3 Ra7 43. Kb5 Ra1 44. e4 Rb1+ 45. Kc6 Rc1+ 46. Kb7 fxe4 47. fxe4 Kf8 48. Nd5 Ba3 49. e5 Rd1 50. e6 Rd4 51. Rf7+ Ke8 52. Nc7+ Kd8 53. Nb5 Re4 54. Nxa3 Rxe6 55. Nc4 Re4 56. Nd6 Re3 57. Kc6 Rc3+ 58. Kd5 Rxh3 59. Rg7 Rf3 60. Ke6 Re3+ 61. Kf6 Rf3 62. Ke5 h3 63. Rxg6 Re3+ 64. Ne4 Ke7 65. Rh6 Kf7 66. f5 Kg7 67. Rh5 Rf3 68. Ke6 Rf4 69. Ng5 Rg4 70. Nxh3 Re4+ 71. Kd5 1-0


[Site "https://www.chess.com"]

[Event "Titled Tuesday Blitz August 24 2021"]
[White "Dang, Hoang Son"]
[Black "Eynullayev, Atilla"]
[WhiteFideId "12402435"]
[BlackFideId "13413570"]
[WhiteElo "2248"]
[BlackElo "1997"]
[Result "1-0"]
[Round "08"]
[TimeControl "180+1"]
[Date "2021.08.24"]
[WhiteClock "0:00:58"]
[BlackClock "0:00:03"]

1. e4 c5 2. Nf3 e6 3. d4 cxd4 4. Nxd4 Nc6 5. Nc3 a6 6. Be3 Nf6 7. f3 Bb4 8. Bd3 d5 9. O-O e5 10. Nxc6 bxc6 11. exd5 cxd5 12. Bg5 Be6 13. Kh1 O-O 14. Ne2 h6 15. Bh4 g5 16. c3 Bd6 17. Bf2 e4 18. fxe4 dxe4 19. Bd4 exd3 20. Rxf6 dxe2 21. Qd3 Qxf6 22. Bxf6 Bc5 23. Qxe2 Rfe8 1-0


[Site "https://www.chess.com"]

[Event "Titled Tuesday Blitz August 24 2021"]
[White "Devaev, Alexander"]
[Black "Rodriguez, Santiago"]
[WhiteFideId "4169395"]
[BlackFideId "3000591"]
[WhiteElo "2185"]
[BlackElo "2256"]
[Result "1-0"]
[Round "08"]
[TimeControl "180+1"]
[Date "2021.08.24"]
[WhiteClock "0:00:03"]
[BlackClock "0:00:37"]

1. d4 Nf6 2. c4 e6 3. Nf3 b6 4. a3 Ba6 5. Qc2 c5 6. d5 exd5 7. cxd5 g6 8. Nc3 Bg7 9. g3 O-O 10. Bg2 d6 11. O-O b5 12. Re1 Nbd7 13. e4 Ng4 14. h3 Nge5 15. Nxe5 Bxe5 16. f4 Bd4+ 17. Kh2 h5 18. h4 Nf6 19. Bf3 Bc8 20. Nxb5 Ng4+ 21. Bxg4 Bxg4 22. Nxd4 cxd4 23. Qd3 Qb6 24. b4 a5 25. Bb2 axb4 26. Bxd4 Qb7 27. Rab1 Rfc8 28. Rxb4 Qxb4 29. axb4 Ra2+ 30. Kg1 Rcc2 31. Qf1 Ra3 32. Bf2 Rb3 33. Rc1 Rcb2 34. Ra1 Kh7 35. e5 Be2 36. Qe1 dxe5 37. d6 Bb5 38. Qxe5 Bc6 39. Bd4 Rg2+ 40. Kf1 f6 41. Qxf6 Rf3+ 42. Ke1 Re2+ 43. Kxe2 Rf2+ 44. Kxf2 Bb5 45. Qe7+ Kh6 46. Qg7# 1-0


[Site "https://www.chess.com"]

[Event "Titled Tuesday Blitz August 24 2021"]
[White "Djordjevic, Vuk"]
[Black "Kobalia, Mikhail"]
[WhiteFideId "902098"]
[BlackFideId "4119150"]
[WhiteElo "2463"]
[BlackElo "2569"]
[Result "1-0"]
[Round "08"]
[TimeControl "180+1"]
[Date "2021.08.24"]
[WhiteClock "0:00:10"]
[BlackClock "0:00:18"]

1. d4 Nf6 2. Bg5 g6 3. Bxf6 exf6 4. c4 d5 5. cxd5 Qxd5 6. Nc3 Qd8 7. h4 h5 8. e3 f5 9. g3 c5 10. dxc5 Qxd1+ 11. Rxd1 Bxc5 12. Bg2 Nc6 13. Nge2 Be6 14. a3 Rc8 15. Nf4 Bb3 16. Rc1 O-O 17. Bd5 Bxd5 18. Nfxd5 Ne5 19. Ke2 Kg7 20. Rc2 Rfd8 21. Rhc1 Bf8 22. Nf4 a6 23. Ncd5 Rxc2+ 24. Rxc2 Bd6 25. Nb6 Nc6 26. Nd3 f6 27. Na4 Ne5 28. Ndc5 Bxc5 29. Nxc5 Rb8 30. Nd3 Nc6 31. Nc5 Ne5 32. Ne6+ Kf7 33. Nd4 Rd8 34. f4 Nc6 35. Nxc6 bxc6 36. Rxc6 a5 37. Rc7+ Ke6 38. Rc6+ Kf7 39. Rb6 a4 40. Rb4 Ra8 41. Kd3 g5 42. fxg5 fxg5 43. Rb7+ Kf6 44. Rb6+ Ke5 45. hxg5 Rd8+ 46. Ke2 Rc8 47. Kf3 Rg8 48. g6 Rc8 49. g7 Rg8 50. Rg6 1-0


[Site "https://www.chess.com"]

[Event "Titled Tuesday Blitz August 24 2021"]
[White "Erdogmus, Yagiz Kaan"]
[Black "Shimelkov, Vasiliy"]
[WhiteFideId "44599790"]
[BlackFideId "13701630"]
[WhiteElo "1783"]
[BlackElo "2073"]
[Result "0-1"]
[Round "08"]
[TimeControl "180+1"]
[Date "2021.08.24"]
[WhiteClock "0:00:05"]
[BlackClock "0:00:21"]

1. e4 c5 2. Nf3 Nc6 3. d4 cxd4 4. Nxd4 Nf6 5. Nc3 e6 6. Ndb5 Bb4 7. Bf4 O-O 8. Bc7 Qe7 9. Bd6 Bxd6 10. Qxd6 Qxd6 11. Nxd6 Ne8 12. Ncb5 a6 13. Nxe8 axb5 14. Nc7 Ra4 15. f3 b4 16. Nb5 b6 17. Nd6 Nd4 18. O-O-O e5 19. Kb1 Ba6 20. Nc4 Bxc4 21. Bxc4 d6 22. Bb3 Ra5 23. Bd5 Rc8 24. Rd2 Rac5 25. Rc1 Kf8 26. Bb3 Ke7 27. Rcd1 h5 28. h4 f6 29. Rxd4 exd4 30. Rxd4 g5 31. Rxb4 gxh4 32. Rxb6 Rg5 33. Rb7+ Ke8 34. Rh7 h3 35. Ba4+ Kf8 36. Rh8+ Kg7 37. Rxc8 hxg2 38. a3 g1=Q+ 39. Ka2 Qd4 40. Bb3 d5 41. f4 Rg1 42. Bxd5 f5 43. c3 Qd1 44. Rc7+ Kf8 45. Rf7+ Ke8 46. Rxf5 h4 47. Re5+ Kd7 48. Be6+ Kc7 49. Bh3 Qd3 50. Re7+ Kb6 51. Re6+ Kc5 52. Re5+ Kc6 53. Re6+ Kc7 54. Bf5 Qc4+ 55. b3 Qe2# 0-1


[Site "https://www.chess.com"]

[Event "Titled Tuesday Blitz August 24 2021"]
[White "FGHSMN"]
[Black "Dobrowolski, Piotr"]
[BlackFideId "1106236"]
[WhiteElo "2706"]
[BlackElo "2296"]
[Result "1-0"]
[Round "08"]
[TimeControl "180+1"]
[Date "2021.08.24"]
[WhiteClock "0:00:05"]
[BlackClock "0:00:16"]

1. e4 e6 2. Qe2 c5 3. g3 Nc6 4. Bg2 Nge7 5. Nf3 d5 6. d3 g6 7. O-O Bg7 8. e5 O-O 9. Re1 f6 10. exf6 Bxf6 11. Nc3 e5 12. Bh6 Re8 13. Rad1 Bg4 14. Be3 Nf5 15. Bxc5 Ncd4 16. Bxd4 Nxd4 17. Nxd4 Bxe2 18. Bxd5+ Kg7 19. Ndxe2 Qb6 20. Bb3 a5 21. a4 Be7 22. Nd5 Qc6 23. Nec3 Bb4 24. Re4 Bxc3 25. Nxc3 Re7 26. Rde1 Rf8 27. Nd5 Ref7 28. R1e2 Qc5 29. Ne3 Rf3 30. Ng4 R3f5 31. Rxe5 Rxe5 32. Rxe5 Qb4 33. Re4 Qd6 34. Kg2 h5 35. Re6 Qc5 36. Ne3 Rf6 37. Re4 Qc6 38. Bd5 Qb6 39. b3 Qc7 40. d4 Rd6 41. Bc4 Rd7 42. d5 Re7 43. Re6 Rxe6 44. dxe6 Qd6 45. Kf3 Kf6 46. Ke4 g5 47. Bd5 Qe5+ 48. Kd3 Qd6 49. Kd4 g4 50. Nc4 Qd8 51. Ke4 b6 52. Ne5 Qd6 53. Nd3 Qd8 54. c4 Qc7 55. Nf4 Qc5 56. Nxh5+ Kg5 57. Nf4 Qxf2 58. Ke5 Qe1+ 59. Kd6 Qb4+ 60. Kd7 Kf6 61. Nh5+ Ke5 62. e7 Qd6+ 63. Ke8 Qg6+ 64. Bf7 Qc6+ 65. Kf8 Qd6 66. Ng7 Kf6 67. Ne8+ Kg5 68. Nxd6 b5 69. e8=Q b4 70. Qe5+ Kh6 71. Qf6+ Kh7 72. Qg7# 1-0


[Site "https://www.chess.com"]

[Event "Titled Tuesday Blitz August 24 2021"]
[White "Farahat, Ali"]
[Black "Kucuksari, Kaan"]
[WhiteFideId "10600507"]
[BlackFideId "6380166"]
[WhiteElo "2321"]
[BlackElo "2300"]
[Result "1-0"]
[Round "08"]
[TimeControl "180+1"]
[Date "2021.08.24"]
[WhiteClock "0:00:24"]
[BlackClock "0:00:03"]

1. e4 c5 2. Nf3 e6 3. Nc3 a6 4. g3 b5 5. d4 Bb7 6. d5 b4 7. Na4 Nf6 8. Bg2 Nxe4 9. dxe6 fxe6 10. O-O Bc6 11. Ne5 Nf6 12. Nxc6 Nxc6 13. Re1 Be7 14. Bxc6 dxc6 15. Qxd8+ Rxd8 16. Be3 Rd5 17. Nb6 Kf7 18. Nxd5 cxd5 19. a3 a5 20. axb4 axb4 21. Ra7 Rc8 22. Bf4 Rc6 23. Rb7 h6 24. Ra1 g5 25. Be5 Ng4 26. Bh8 e5 27. h3 Nf6 28. Raa7 Re6 29. f3 Ng8 30. Kg2 Kg6 31. Rb8 Kh7 32. Raa8 Kxh8 33. Rxg8+ Kh7 34. Rge8 Kg7 35. Kf1 Kf7 36. Rh8 c4 37. Ra7 Kg6 38. Ke2 e4 39. fxe4 Rxe4+ 40. Kf3 Re6 41. b3 c3 42. Rd7 Rf6+ 43. Ke2 Re6+ 44. Kd3 Bd6 45. Rg8+ Kf6 46. g4 Ke5 47. Rgg7 Rf6 48. Rgf7 Rxf7 49. Rxf7 Ke6 50. Rh7 Bf4 51. Rxh6+ Kd7 52. Rg6 1-0


[Site "https://www.chess.com"]

[Event "Titled Tuesday Blitz August 24 2021"]
[White "Fedoseev, Vladimir"]
[Black "Maghsoodloo, Parham"]
[WhiteFideId "24130737"]
[BlackFideId "12539929"]
[WhiteElo "2756"]
[BlackElo "2601"]
[Result "1-0"]
[Round "08"]
[TimeControl "180+1"]
[Date "2021.08.24"]
[WhiteClock "0:00:01"]
[BlackClock "0:00:01"]

1. b3 d6 2. Bb2 Bf5 3. e3 Nf6 4. Ne2 h6 5. Ng3 Bh7 6. d4 Nbd7 7. Bd3 Bxd3 8. Qxd3 d5 9. Nd2 e6 10. c4 a5 11. a3 Be7 12. cxd5 exd5 13. Nf5 O-O 14. O-O Re8 15. e4 dxe4 16. Nxe4 Nxe4 17. Qxe4 Nf6 18. Qxb7 Rb8 19. Qf3 Qd5 20. Qxd5 Nxd5 21. b4 axb4 22. axb4 Bxb4 23. Ba3 Bc3 24. Rad1 h5 25. g3 g6 26. Nh4 Re4 27. Nf3 f6 28. Rd3 g5 29. Rc1 g4 30. Nh4 Rb3 31. Bc5 Bb2 32. Rxb3 Bxc1 33. Kf1 Bd2 34. Nf5 Kf7 35. Kg2 Bg5 36. h3 Ke6 37. Ng7+ Kf7 38. Nxh5 f5 39. hxg4 fxg4 40. Rb8 Kg6 41. Rh8 Re2 42. Kf1 Rc2 43. Kg1 Nc3 44. Nf4+ Bxf4 45. gxf4 Ne4 46. Rg8+ Kh5 47. Rh8+ Kg6 48. Rg8+ Kf6 49. Rxg4 Kf5 50. Rh4 Nxf2 51. Be7 Ng4 52. Rh5+ Kxf4 53. Rc5 Rd2 54. Bg5+ 1-0


[Site "https://www.chess.com"]

[Event "Titled Tuesday Blitz August 24 2021"]
[White "Gelman, Alexander"]
[Black "Nilsen, Tobias Lang"]
[WhiteFideId "4118316"]
[BlackFideId "1521624"]
[WhiteElo "2375"]
[BlackElo "1975"]
[Result "1-0"]
[Round "08"]
[TimeControl "180+1"]
[Date "2021.08.24"]
[WhiteClock "0:00:41"]
[BlackClock "0:00:14"]

1. d4 Nf6 2. Nc3 d5 3. Bf4 a6 4. e3 c5 5. Nf3 Nc6 6. Ne5 cxd4 7. exd4 e6 8. Qd2 Be7 9. h4 Qb6 10. O-O-O Bb4 11. f3 Nxe5 12. Bxe5 Be7 13. g4 Bd7 14. g5 Nh5 15. Bh3 f6 16. gxf6 gxf6 17. Qh6 fxe5 18. Qxh5+ Kd8 19. Rhe1 exd4 20. Nxd5 Qc5 21. Bxe6 Bc6 22. b4 Qb5 23. Rxd4 Bd6 24. Qg5+ Ke8 25. Bc8+ Kf7 26. Qf6+ Kg8 27. Rg1+ Bg3 1-0


[Site "https://www.chess.com"]

[Event "Titled Tuesday Blitz August 24 2021"]
[White "Girinath, P.D.S."]
[Black "Firat, Burak"]
[WhiteFideId "5000572"]
[BlackFideId "6305881"]
[WhiteElo "2333"]
[BlackElo "2531"]
[Result "0-1"]
[Round "08"]
[TimeControl "180+1"]
[Date "2021.08.24"]
[WhiteClock "0:00:02"]
[BlackClock "0:00:41"]

1. e4 c5 2. Nf3 d6 3. Bb5+ Nd7 4. O-O a6 5. Bxd7+ Bxd7 6. d4 cxd4 7. Qxd4 Nf6 8. Nc3 g6 9. e5 dxe5 10. Nxe5 Bg7 11. Re1 Be6 12. Qh4 Qb6 13. b3 Rc8 14. Na4 Qa5 15. Ba3 Rxc2 16. Rac1 Rxc1 17. Rxc1 Qxe5 18. Qb4 O-O 19. Qxb7 Re8 20. Qxa6 Ng4 21. g3 Qh5 22. h4 Nxf2 23. Kxf2 Bd4+ 24. Kg2 Bd5+ 25. Kh2 Be5 26. Qd3 Qxh4+ 27. Kg1 Bxg3 28. Rc2 Qh1# 0-1


[Site "https://www.chess.com"]

[Event "Titled Tuesday Blitz August 24 2021"]
[White "Goryachkina, Aleksandra"]
[Black "Nesterov, Arseniy"]
[WhiteFideId "4147103"]
[BlackFideId "24198455"]
[WhiteElo "2441"]
[BlackElo "2477"]
[Result "0-1"]
[Round "08"]
[TimeControl "180+1"]
[Date "2021.08.24"]
[WhiteClock "0:00:06"]
[BlackClock "0:00:06"]

1. e4 e5 2. Nf3 Nc6 3. Bc4 Nf6 4. d3 Bc5 5. c3 d6 6. h3 h6 7. a4 a5 8. Nbd2 O-O 9. O-O Be6 10. Bb5 Ba7 11. Nc4 Ne7 12. Ne3 Bxe3 13. Bxe3 c6 14. Bc4 Bxc4 15. dxc4 Nxe4 16. Qc2 Nf6 17. Rad1 Qc7 18. Rfe1 Ng6 19. Qb3 c5 20. Qc2 Rfe8 21. Rd2 e4 22. Nh2 Ne5 23. b3 Nd3 24. Red1 d5 25. cxd5 Nxd5 26. Nf1 f5 27. Rxd3 exd3 28. Qxd3 Rad8 29. Qc4 Qf7 30. Bxc5 Nf6 31. Rxd8 Rxd8 32. Qb5 Rd1 33. Bd4 Ne4 34. Kh2 Qc7+ 35. g3 Qc6 36. Qe2 Rb1 37. h4 Nd2 0-1


[Site "https://www.chess.com"]